 Dungeon Sprint DCSS version 0.22-a0-422-g9628fc8 (webtiles) character file.

258 Kidiri the Covert (level 5, 0/26 (28) HPs)
             Began as a Spriggan Enchanter on May 23, 2018.
             Slain by a necrophage (3 damage)
             ... in the Dungeon (Sprint II: "The Violet Keep of Menkaure").
             The game lasted 00:01:19 (112 turns).

Kidiri the Covert (Spriggan Enchanter)               Turns: 112, Time: 00:01:21

HP:   0/26 (28)     AC:  2    Str:  4    XL:     5   Next: 94%
MP:   5/15          EV: 23    Int: 17    God:
Gold: 243           SH:  0    Dex: 17    Spells: 16/17 levels left

rFire    . . .     SeeInvis +   a - +1 dagger
rCold    . . .     Gourm    .   (shield restricted)
rNeg     . . .     Faith    .   b - +0 robe
rPois    .         Spirit   .   (helmet restricted)
rElec    .         Reflect  .   (no cloak)
rCorr    .         Harm     .   (gloves unavailable)
MR       .....     NoTele   +   (boots unavailable)
Stlth    ++++......             (no amulet)
HPRegen  0.08/turn              (no ring)
MPRegen  0.14/turn              (no ring)

@: very quick
A: very small, unfitting armour, see invisible, herbivore, speed 3, slow
metabolism 2
a: no special abilities


You were in the Dungeon.
You were not hungry.

You visited 1 branch You collected 243 gold pieces.

Inventory:

Hand Weapons
 a - a +1 dagger (weapon)
Armour
 b - a +0 robe (worn)
Scrolls
 j - a scroll of blinking
Potions
 g - a potion of haste
 h - 2 potions of magic
Comestibles
 d - a ration


   Skills:
 + Level 2.8 Fighting
 * Level 5.6 Short Blades
 + Level 2.5 Armour
 * Level 8.0 Dodging
 * Level 9.2 Stealth
 * Level 6.8 Spellcasting
 + Level 5.7 Hexes


You had 16 spell levels left.
You knew the following spells:

 Your Spells              Type           Power        Failure   Level  Hunger
a - Corona                Hex            ####...      1%          1    None

Your spell library contained the following spells:

 Spells                   Type           Power        Failure   Level  Hunger
 Confuse                  Hex            ####....     3%          3    ##.....
 Tukima's Dance           Hex            ####....     3%          3    ##.....
 Ensorcelled Hibernation  Hex/Ice        ###...       5%          2    None
 Dazzling Spray           Conj/Hex       ###...       11%         3    ##.....


Dungeon Overview and Level Annotations

Branches:
Dungeon (1/1)

Altars:

Shops:
D }=!([!(=?


Innate Abilities, Weirdness & Mutations

You are very small and have problems with some larger weapons.
You are too small for most types of armour.
You have supernaturally acute eyesight. (SInv)
You are a herbivore.
You cover ground extremely quickly.
You need to consume almost no food.


Message History

The necrophage barely misses you.
You barely miss the necrophage.
The necrophage is almost destroyed.
The necrophage barely misses you.
You barely miss the necrophage.
The necrophage is almost destroyed.
The necrophage hits you.
You feel your flesh rotting away!
You hit the necrophage but do no damage.
The necrophage is almost destroyed.
You hit the necrophage.
The necrophage is almost destroyed.
The necrophage hits you!
* * * LOW HITPOINT WARNING * * *
Casting: Corona (safe; 1% risk of failure)
Confirm with . or Enter, or press ? or * to list all spells.
Aiming: Corona (safe; 1% risk of failure)
Press: ? - help, Shift-Dir - straight line, f/p - necrophage
Aim: a necrophage (almost destroyed, chance to defeat MR: 48%)
The necrophage is outlined in light.
The necrophage hits you.
You die...

######≈ .....#≈
## ## ....∩#≈
##. .## ...∩.#≈
#.. ..# ∩.∩.∩#≈
####w#w#
.∩.∩.#≈##.###+#
∩.∩..#≈#..†##.##
+≈'##.'n@.+
.....#≈#...##.##
▓▓▓###≈##.###+#
######≈ ### ##


You could see a necrophage.

Vanquished Creatures
  3 necrophages (D)
3 creatures vanquished.

Notes
Turn   | Place    | Note
-------+----------+-------------------------------------------
     0 | D        | Kidiri the Spriggan Enchanter began the quest for the Orb.
     0 | D        | Reached XP level 1. HP: 9/9 MP: 5/5
     1 | D        | Noticed a tyrant leech
     1 | D        | Noticed a tyrant leech
     6 | D        | Noticed a necrophage
     6 | D        | Noticed a necrophage
     6 | D        | Noticed a necrophage
     6 | D        | Noticed a necrophage
    16 | D        | Killed a necrophage
    16 | D        | Reached skill level 1 in Fighting
    16 | D        | Reached skill level 1 in Armour
    16 | D        | Reached skill level 5 in Dodging
    16 | D        | Reached skill level 7 in Stealth
    16 | D        | Reached skill level 5 in Spellcasting
    16 | D        | Reached XP level 2. HP: 15/15 MP: 3/9
    16 | D        | Reached XP level 3. HP: 18/18 MP: 3/10
    16 | D        | Reached XP level 4. HP: 23/23 MP: 3/12
    25 | D        | Killed a necrophage
    25 | D        | Reached skill level 5 in Short Blades
    25 | D        | Reached skill level 8 in Stealth
    25 | D        | Reached skill level 5 in Hexes
    25 | D        | Reached XP level 5. HP: 27/27 MP: 4/14
    30 | D        | Killed a necrophage
    30 | D        | Reached skill level 9 in Stealth
    69 | D        | Found Viazil's Antique Weapon Shop.
    69 | D        | Found Qaemue's Distillery.
    69 | D        | Found Qugaq's Magic Scroll Shop.
    69 | D        | Found Kuorch's Antique Weapon Boutique.
    69 | D        | Found Urryg's Distillery.
    69 | D        | Found Idag's Jewellery Boutique.
    70 | D        | Found Goseshafue's Antique Armour Shop.
    70 | D        | Found Esiq's Jewellery Boutique.
    70 | D        | Found Reutwov's Gadget Shop.
   112 | D        | Slain by a necrophage

Vault maps used:
D:        the_violet_keep_of_menkaure

Skill      XL: |  1  2  3  4  5 |
---------------+----------------+-----
Fighting       | 1 2 |  2.8
Short Blades   | 3 5 |  5.6
Armour         | 1 2 |  2.5
Dodging        | 5 7 8 |  8.0
Stealth        | 7 8 9 |  9.2
Spellcasting   | 5 6 |  6.8
Hexes          | 4 5 |  5.7

Action                   |  1- 3 |  4- 6 || total
-------------------------+-------+-------++-------
Melee: Dagger            |     7 |    63 ||    70
 Cast: Corona            |     2 |    10 ||    12
  Use: Potion            |     1 |     2 ||     3
Armor: Robe              |       |     3 ||     3
Dodge: Dodged            |     6 |    50 ||    56

Table legend:
 A = Spawn XP
 B = Non-spawn XP
 C = Spawn XP percentage of total XP
 D = Spawn monster count
 E = Non-spawn monster count
 F = Spawn count percentage of total count
 G = Total turns spent on level
                    A         B        C        D         E        F      G
               +---------+---------+-------+---------+---------+-------+---------
         Total |       0 |     369 |   0.0 |       0 |       3 |   0.0 |   112
               +---------+---------+-------+---------+---------+-------+---------
             D |       0 |     369 |   0.0 |       0 |       3 |   0.0 |   112
               +---------+---------+-------+---------+---------+-------+---------
